 Dungeon Crawl Stone Soup version 0.25.0-10-g039870ee82 (webtiles) character file.

Game seed: 16865018576065648361

76 shadizar the Insei (level 4, -3/30 HPs)
             Began as an Octopode Transmuter on June 23, 2020.
             Slain by Natasha (5 damage)
             ... on level 2 of the Dungeon.
             The game lasted 00:01:10 (1507 turns).

shadizar the Insei (Octopode Transmuter)            Turns: 1507, Time: 00:01:11

Health: -3/30      AC:  1    Str: 15    XL:     4   Next: 32%
Magic:  7/7        EV: 14    Int: 15    God:
Gold:   42         SH:  0    Dex: 13    Spells: 6/7 levels left

rFire    . . .     SeeInvis .     - Unarmed
rCold    . . .     Gourm    .   (no shield)
rNeg     . . .     Faith    .   (helmet restricted)
rPois    .         Spirit   .   (no amulet)
rElec    .         Reflect  .   b - +6 ring of strength
rCorr    .         Harm     .   (no ring)
MR       .....                  (no ring)
Stlth    ++........             (no ring)
HPRegen  0.10/turn              (no ring)
MPRegen  0.10/turn              (no ring)
                                (no ring)
                                (no ring)

@: slowed, very slow
A: almost no armour, stealthy swim, amphibious, 8 rings, constrict 8, camouflage
1, gelatinous body 1
a: no special abilities


You were on level 2 of the Dungeon.
You were not hungry.

You visited 1 branch of the dungeon, and saw 2 of its levels.

You collected 42 gold pieces.

Inventory:

Missiles
 a - 24 arrows
Jewellery
 b - a +6 ring of strength (left tentacle)
Scrolls
 f - a scroll of amnesia {unknown}
 i - a scroll of remove curse {unknown}
Potions
 d - a potion of heal wounds {unknown}
 e - a potion of curing {unknown}
 g - a potion of degeneration {unknown}
 j - a potion of resistance {unknown}
Comestibles
 c - 3 rations
 h - 4 chunks of flesh


   Skills:
 + Level 2.4 Fighting
 + Level 3.0 Dodging
 + Level 3.7 Unarmed Combat
 - Level 2.0 Spellcasting
 - Level 2.0 Transmutations


You had 6 spell levels left.
You knew the following spells:

 Your Spells              Type           Power        Failure   Level  Hunger
a - Beastly Appendage     Tmut           #.....       10%         1    #......

Your spell library contained the following spells:

 Spells                   Type           Power        Failure   Level  Hunger
 Sticks to Snakes         Tmut           #.......     14%         2    ###....
 Spider Form              Tmut/Pois      #.........   41%         3    ###....
 Ice Form                 Ice/Tmut       #.......     82%         4    #####..
 Blade Hands              Tmut           #.........   95%         5    ######.


Dungeon Overview and Level Annotations

Branches:
Dungeon (2/15)

Altars:
Qazlal

Annotations:
D:2 Natasha


Innate Abilities, Weirdness & Mutations

You cannot wear most types of armour.
You are very stealthy in the water. (Stealth+)
You are amphibious.
You can wear up to eight rings at the same time.
You can use your tentacles to constrict eight enemies at once.
Your skin changes colour to match your surroundings (Stealth+).
Your rubbery body absorbs attacks. (AC +1, EV +1)


Message History

* * * LOW HITPOINT WARNING * * *
Unknown command.
Unknown command.
Unknown command.
Unknown command.
Unknown command.
Unknown command.
Unknown command.
You release your grip on the gnoll.
Natasha casts a spell at you. The magic dart hits you.
* * * LOW HITPOINT WARNING * * *
Natasha casts a spell at you.
You feel as though you will be slow longer.
A gnoll comes into view.
Unknown command.
Unknown command.
Okay, then.
Natasha claws you.
You die...

#.#. #..##.# #..
#.##)# # ##..
#....# #. ...#
##.#### #.
#.#.###..#
#.##.##...#.#
#.........#.#
#.##........#
#.h@....#...#
#5#####...#..#
......g.g......##
.#
#####.#.#####...#
# #...g# #.#...
#.. .l. .##.#
##...## # .# #.


You could see Natasha (fast), a gnoll and a shadow imp (summoned).

Vanquished Creatures
  Natasha (D:2)
  A gnoll (D:2)
  An ooze (D:1)
  A dart slug (D:1)
  A worm (D:2)
  6 goblins
  6 hobgoblins
  2 jackals (D:2)
  A kobold (D:1)
  5 bats
  3 frilled lizards
  4 rats
32 creatures vanquished.

Vanquished Creatures (others)
  5 toadstools (D:1)
5 creatures vanquished.

Grand Total: 37 creatures vanquished

Notes
Turn   | Place    | Note
-------+----------+-------------------------------------------
     0 | D:1      | shadizar the Octopode Transmuter began the quest for the
                  | Orb.
     0 | D:1      | Reached XP level 1. HP: 13/13 MP: 3/3
   167 | D:1      | Reached XP level 2. HP: 13/18 MP: 5/5
   853 | D:1      | Reached XP level 3. HP: 20/24 MP: 6/6
  1130 | D:2      | Noticed Natasha
  1133 | D:2      | Killed Natasha
  1215 | D:2      | Reached XP level 4. HP: 29/29 MP: 7/7
  1424 | D:2      | Found a stormy altar of Qazlal.
  1496 | D:2      | Noticed Natasha
  1507 | D:2      | Slain by Natasha

Illustrated notes

Levels and vault maps discovered:
D:1:      ldierk_walled_garden, layout_loops_corners,
          chequers_serial_rivers_micro_d, minmay_misc_feat_x,
          chequers_serial_rivers_micro_e
D:2:      layout_loops_corners, overflow_temple_1_default, first_ration,
          dk_xom_monty_hall, uniq_natasha

Skill      XL: |  1  2  3  4 |
---------------+-------------+-----
Fighting       | 2 |  2.4
Dodging        | 3 |  3.0
Unarmed Combat | |  3.7
Spellcasting   | |  2.0
Transmutations | |  2.0

Action                   |  1- 3 |  4- 6 || total
-------------------------+-------+-------++-------
Melee: Unarmed           |    45 |    19 ||    64
       Tentacles         |    16 |     5 ||    21
       Constrict         |    13 |     8 ||    21
       Punch             |     1 |     1 ||     2
 Stab: Sleeping          |     5 |     1 ||     6
  Eat: Chunk             |     1 |     1 ||     2
Armor: Skin              |     3 |     4 ||     7
Dodge: Dodged            |    23 |    13 ||    36
